AoeStats
← bacan4242

Arena

510193074Analyzed
3v3 RM · 4d ago on Sep 29, 2026· 59m 6s· 6 players
Game mode
Random Map
Map size
Normal (6 player)
Population
200
Speed
Normal
Resources
Standard
Victory
Conquest
Starting age
Dark Age
Ending age
Imperial Age
RankedLock teamsTeams togetherTeam positionsShared explorationLock speedFull tech treeHidden civsTurbo modeCheats
Victory
Defeat
🇺🇸 Cumans · United States
536
+17
🇺🇸 Teutons · United States
530
+17
🇺🇸 Wei · United States
450
+20
🇹🇷 Turks · Türkiye
608
-20
🇹🇷 Britons · Türkiye
597
-20
🇹🇷 Romans · Türkiye
454
-14
K1NGlogman
10:12 Feudal Age
11:35 Horse Collar
11:43 Double-Bit Axe
19:20 Castle Age
26:58 Bow Saw
29:14 Heavy Plow
29:03 Pikeman
29:51 Scale Mail Armor
30:15 Stone Mining
36:12 Imperial Age
34:19 Wheelbarrow
33:32 Loom
33:37 Town Watch
36:19 Hand Cart
36:15 Halberdier
36:56 Squires
36:18 Capped Ram
36:20 Onager
38:16 Crop Rotation
38:49 Two-Man Saw
39:39 Siege Onager
40:51 Crenellations
43:09 Elite Teutonic Knight
44:11 Conscription
44:21 Forging
44:26 Chain Mail Armor
47:10 Iron Casting
47:10 Plate Mail Armor
FreshlySqueezed
0:33 Loom
13:23 Feudal Age
14:06 Double-Bit Axe
17:34 Wheelbarrow
17:29 Horse Collar
23:35 Gold Mining
24:31 Stone Mining
27:35 Castle Age
25:24 Town Watch
28:05 Bloodlines
29:04 Hand Cart
28:59 Heavy Plow
29:36 Town Patrol
30:44 Steppe Husbandry
31:49 Thumb Ring
36:10 Forging
46:31 Imperial Age
48:08 Conscription
48:31 Iron Casting
48:02 Scale Barding Armor
47:25 Elite Steppe Lancer
48:54 Gold Shaft Mining
56:10 Light Cavalry
57:41 Hussar
ruskihitman1
11:36 Feudal Age
12:52 Wheelbarrow
13:32 Stone Mining
13:34 Double-Bit Axe
13:32 Horse Collar
15:37 Gold Mining
20:53 Castle Age
22:10 Hand Cart
22:35 Stone Shaft Mining
22:38 Gold Shaft Mining
22:22 Bow Saw
22:37 Heavy Plow
24:50 Caravan
30:48 Forging
30:38 Scale Mail Armor
30:43 Scale Barding Armor
30:29 Fletching
30:39 Padded Archer Armor
36:06 Imperial Age
33:22 Town Watch
33:23 Loom
35:04 Iron Casting
34:45 Chain Mail Armor
34:50 Chain Barding Armor
34:25 Bodkin Arrow
34:45 Leather Archer Armor
35:46 Tuntian
37:31 Ming Guang Armor
36:29 Elite Tiger Cavalry
37:33 Conscription
40:45 Parthian Tactics
40:31 Thumb Ring
39:48 Elite Skirmisher
39:52 Crossbowman
40:50 Husbandry
40:13 Heavy Hei Guang Cavalry
41:06 Bloodlines
40:19 Light Cavalry
45:51 Chemistry
45:12 Ballistics
44:43 Guard Tower
45:03 Fortified Wall
44:49 Murder Holes
45:05 Masonry
54:51 Blast Furnace
53:52 Bracer
54:07 Leather Archer Armor
Ejderya
13:23 Feudal Age
14:02 Double-Bit Axe
16:46 Horse Collar
18:20 Wheelbarrow
21:32 Castle Age
20:09 Gold Mining
22:34 Hand Cart
23:29 Caravan
24:29 Heavy Plow
25:15 Bow Saw
28:20 Gold Shaft Mining
28:43 Stone Mining
29:39 Scale Barding Armor
29:45 Forging
29:53 Scale Mail Armor
30:24 Ballistics
33:39 Imperial Age
33:23 Chain Barding Armor
33:14 Forging
33:20 Chain Mail Armor
33:25 Bloodlines
33:17 Husbandry
35:36 Elite Janissary
39:55 Squires
46:21 Treadmill Crane
46:52 Heavy Camel Rider
47:15 Heavy Camel Rider
mhaliddur
11:29 Feudal Age
11:35 Feudal Age
12:44 Horse Collar
12:53 Double-Bit Axe
14:34 Wheelbarrow
15:57 Gold Mining
24:33 Castle Age
22:56 Padded Archer Armor
23:00 Stone Mining
25:01 Crossbowman
26:01 Leather Archer Armor
25:36 Fletching
26:07 Hand Cart
26:27 Heavy Plow
27:04 Gold Shaft Mining
26:51 Bow Saw
35:18 Imperial Age
33:16 Yeomen
32:55 Bodkin Arrow
33:59 Caravan
35:58 Town Watch
37:02 Ring Archer Armor
36:58 Town Patrol
47:22 Conscription
49:24 Arbalester
52:26 Bracer
52:37 Forging
56:40 Warwolf
bacan4242
1:09 Loom
12:50 Feudal Age
16:32 Wheelbarrow
15:52 Double-Bit Axe
16:26 Horse Collar
16:39 Man-at-Arms
18:22 Town Watch
24:12 Fletching
24:24 Padded Archer Armor
24:30 Scale Barding Armor
24:27 Scale Mail Armor
24:37 Forging
26:38 Castle Age
27:52 Hand Cart
31:21 Bow Saw
31:14 Heavy Plow
34:06 Husbandry
34:16 Bloodlines
33:27 Light Cavalry
34:06 Bodkin Arrow
34:27 Leather Archer Armor
34:28 Chain Mail Armor
36:01 Chain Barding Armor
36:17 Iron Casting
37:26 Ballistics
36:58 Guard Tower
37:19 Fortified Wall
37:20 Clinker Construction
37:05 Murder Holes
37:46 Stone Mining
37:47 Gold Mining
43:04 Imperial Age
42:55 Caravan
43:26 Coinage
44:58 Blast Furnace
44:29 Ring Archer Armor
44:35 Plate Barding Armor
45:10 Chemistry
44:46 Keep
44:41 Heavy Scorpion
45:43 Masonry
47:16 Crop Rotation
Connection lost

Rejoining the realm…

Still unreachable

The connection could not be restored.

Session expired

The server has moved on; the page needs a fresh start.